TOP OF THE 1ST |
Mississippi Braves batting - Pitching for Tulsa Drillers : RHP Tyler Scherer
|
Pitching: RHP Tyler Scherer
|
|
Batting: RHB Edgar Castillo
|
0-0: Bunt missed! 0-1: Ball 1-1: Foul Ball, location: 2F 1-2: Strikes out swinging, 2-3 out at first.
|
Batting: RHB Joe Young
|
0-0: Called Strike 0-1: Called Strike 0-2: Ground out U3 (Groundball, 34S, EV 61.9 MPH)
|
Batting: LHB Art D'Ascenzo
|
0-0: Ball 1-0: Swinging Strike 1-1: Foul Ball, location: 2F 1-2: Foul Ball, location: 2F 1-2: Strikes out swinging
|
Top of the 1st over - 0 runs, 0 hits, 0 errors, 0 left on base; Mississippi 0 - Tulsa 0 |
BOTTOM OF THE 1ST |
Tulsa Drillers batting - Pitching for Mississippi Braves : RHP Ryan DeMille
|
Pitching: RHP Ryan DeMille
|
|
Batting: LHB Tony Morales
|
0-0: Foul Ball, location: 2F 0-1: Ball 1-1: Ball 2-1: Foul Ball, location: 2F 2-2: Ball 3-2: Foul Ball, location: 2F 3-2: Strikes out swinging
|
Batting: RHB Roberto Lemus
|
0-0: Ball 1-0: Ball 2-0: Called Strike 2-1: Foul Ball, location: 2F 2-2: Ball 3-2: Foul Ball, location: 2F 3-2: Base on Balls
|
Batting: LHB Jesus Ramirez
|
0-0: Fly out, F7 (Flyball, 7, EV 86.9 MPH)
|
Batting: LHB Kevin Wiebe
|
0-0: Ball 1-0: Called Strike 1-1: Ball 2-1: Swinging Strike Passed Ball! Roberto Lemus to second 2-2: Ball 3-2: Ground out 4-3 (Groundball, 4, EV 84.4 MPH)
|
Bottom of the 1st over - 0 runs, 0 hits, 0 errors, 1 left on base; Mississippi 0 - Tulsa 0 |
TOP OF THE 2ND |
Mississippi Braves batting - Pitching for Tulsa Drillers : RHP Tyler Scherer
|
Batting: SHB Richello Badua
|
0-0: Ball 1-0: Called Strike 1-1: Ball 2-1: Foul Ball, location: 2F 2-2: Fly out, F7 (Flyball, 7D, EV 98.1 MPH)
|
Batting: RHB Corey Dalton
|
0-0: Ball 1-0: Ball 2-0: Ball 3-0: SINGLE (Groundball, 6M, EV 106.2 MPH) (infield hit)
|
Batting: LHB Oke Monti
|
0-0: Ball 1-0: Ball Wild Pitch! Corey Dalton to second 2-0: Ball 3-0: Called Strike 3-1: Fly out, F9 (Line Drive, 89S, EV 108.8 MPH)
|
Batting: SHB Jamie Roberts
|
0-0: Ball 1-0: Called Strike 1-1: DOUBLE (Flyball, 8LD, EV 84.4 MPH) Corey Dalton scores
|
Batting: LHB Ryan Murdock
|
0-0: Ball 1-0: Ball 2-0: Ball 3-0: Base on Balls
|
Batting: RHB Alex Velasquez
|
0-0: Ball 1-0: Swinging Strike 1-1: Fielders Choice at 2nd, U4 (Groundball, 4M, EV 85.0 MPH)
|
Top of the 2nd over - 1 run, 2 hits, 0 errors, 2 left on base; Mississippi 1 - Tulsa 0 |
BOTTOM OF THE 2ND |
Tulsa Drillers batting - Pitching for Mississippi Braves : RHP Ryan DeMille
|
Batting: RHB Carlos Talavera
|
0-0: Foul Ball, location: 2F 0-1: Fly out, F6 (Popup, 56, EV 61.9 MPH)
|
Batting: RHB Marcos Villalobos
|
0-0: Foul Ball, location: 2F 0-1: Called Strike 0-2: Foul Ball, location: 2F 0-2: Strikes out swinging
|
Batting: RHB Tony Rivera
|
0-0: Ground out 6-3 (Groundball, 6, EV 89.4 MPH)
|
Bottom of the 2nd over - 0 runs, 0 hits, 0 errors, 0 left on base; Mississippi 1 - Tulsa 0 |
TOP OF THE 3RD |
Mississippi Braves batting - Pitching for Tulsa Drillers : RHP Tyler Scherer
|
Batting: RHB Edgar Castillo
|
0-0: Foul Ball, location: 2F 0-1: Ball 1-1: Ball 2-1: Foul Ball, location: 2F 2-2: Foul Ball, location: 2F 2-2: Fly out, F8 (Flyball, 8RM, EV 90.0 MPH)
|
Batting: RHB Joe Young
|
0-0: SINGLE (Groundball, 4D, EV 104.4 MPH)
|
Batting: LHB Art D'Ascenzo
|
0-0: Fly out, F8 (Line Drive, 8LM, EV 106.9 MPH)
|
Batting: SHB Richello Badua
|
0-0: Ball 1-0: Called Strike 1-1: Ball 2-1: Ball 3-1: Called Strike 3-2: Ground out 4-3 (Groundball, 4, EV 79.4 MPH)
|
Top of the 3rd over - 0 runs, 1 hit, 0 errors, 1 left on base; Mississippi 1 - Tulsa 0 |
BOTTOM OF THE 3RD |
Tulsa Drillers batting - Pitching for Mississippi Braves : RHP Ryan DeMille
|
Batting: RHB Mike Plugge
|
0-0: Ball 1-0: Ball 2-0: Ground out 6-3 (Groundball, 56, EV 102.5 MPH)
|
Batting: RHB Kyle Garrett
|
0-0: Fly out, F9 (Line Drive, 9D, EV 88.8 MPH)
|
Batting: LHB Tony Morales
|
0-0: Ball 1-0: Ball 2-0: Ball 3-0: Called Strike 3-1: Foul Ball, location: 2F 3-2: Base on Balls
|
Batting: RHB Roberto Lemus
|
0-0: Ball 1-0: Called Strike 1-1: Called Strike 1-2: DOUBLE (Line Drive, 78D, EV 106.2 MPH) Tony Morales to third Runner from 3rd tries for Home, SAFE, no throw by LF
|
Batting: LHB Jesus Ramirez
|
0-0: Called Strike 0-1: Foul Ball, location: 2F 0-2: Strikes out swinging, 2-3 out at first.
|
Bottom of the 3rd over - 1 run, 1 hit, 0 errors, 1 left on base; Mississippi 1 - Tulsa 1 |
TOP OF THE 4TH |
Mississippi Braves batting - Pitching for Tulsa Drillers : RHP Tyler Scherer
|
Batting: RHB Corey Dalton
|
0-0: Fly out, F6 (Line Drive, 56D, EV 68.8 MPH)
|
Batting: LHB Oke Monti
|
0-0: Ground out 4-3 (Groundball, 4, EV 94.4 MPH)
|
Batting: SHB Jamie Roberts
|
0-0: Called Strike 0-1: Swinging Strike 0-2: Ball 1-2: Fly out, F8 (Flyball, 8RM, EV 93.1 MPH)
|
Top of the 4th over - 0 runs, 0 hits, 0 errors, 0 left on base; Mississippi 1 - Tulsa 1 |
BOTTOM OF THE 4TH |
Tulsa Drillers batting - Pitching for Mississippi Braves : RHP Ryan DeMille
|
Batting: LHB Kevin Wiebe
|
0-0: Called Strike 0-1: Ball 1-1: Swinging Strike 1-2: Foul Ball, location: 2F 1-2: Ball 2-2: Strikes out swinging
|
Batting: RHB Carlos Talavera
|
0-0: Ball 1-0: Called Strike 1-1: Called Strike 1-2: SINGLE (Groundball, 3D, EV 103.1 MPH)
|
Batting: RHB Marcos Villalobos
|
0-0: SINGLE (Groundball, 6MD, EV 102.5 MPH) Carlos Talavera to second Runner from 2nd tries for 3rd, SAFE, throw by CF made to third
|
Batting: RHB Tony Rivera
|
0-0: Called Strike 0-1: Ball 1-1: Foul Ball, location: 2F 1-2: Ball 2-2: Strikes out swinging
|
Batting: RHB Mike Plugge
|
0-0: Foul Ball, location: 2F 0-1: Swinging Strike 0-2: Ball 1-2: Ball 2-2: Strikes out swinging
|
Bottom of the 4th over - 0 runs, 2 hits, 0 errors, 2 left on base; Mississippi 1 - Tulsa 1 |
TOP OF THE 5TH |
Mississippi Braves batting - Pitching for Tulsa Drillers : RHP Tyler Scherer
|
Batting: LHB Ryan Murdock
|
0-0: Foul Ball, location: 2F 0-1: Ball 1-1: Called Strike 1-2: Strikes out swinging
|
Batting: RHB Alex Velasquez
|
0-0: Ball 1-0: Called Strike 1-1: Ball 2-1: Ball 3-1: Ground out U3 (Groundball, 34, EV 85.6 MPH)
|
Batting: RHB Edgar Castillo
|
0-0: Hit by Pitch
|
Batting: RHB Joe Young
|
0-0: Foul Ball, location: 2F 0-1: Fly out, F6 (Popup, 6, EV 58.8 MPH)
|
Top of the 5th over - 0 runs, 0 hits, 0 errors, 1 left on base; Mississippi 1 - Tulsa 1 |
BOTTOM OF THE 5TH |
Tulsa Drillers batting - Pitching for Mississippi Braves : RHP Ryan DeMille
|
Batting: RHB Kyle Garrett
|
0-0: SINGLE (Groundball, 6MD, EV 99.4 MPH)
|
Batting: LHB Tony Morales
|
Pickoff Throw to First - Out! 1-3 0-0: Swinging Strike 0-1: Ball 1-1: Ball 2-1: Ball 3-1: Foul Ball, location: 2F 3-2: Base on Balls
|
Batting: RHB Roberto Lemus
|
0-0: Ball 1-0: Grounds into double play, 5-4-3 (Groundball, 5, EV 98.1 MPH)
|
Bottom of the 5th over - 0 runs, 1 hit, 0 errors, 0 left on base; Mississippi 1 - Tulsa 1 |
TOP OF THE 6TH |
Mississippi Braves batting - Pitching for Tulsa Drillers : RHP Tyler Scherer
|
Batting: LHB Art D'Ascenzo
|
0-0: Swinging Strike 0-1: Ball 1-1: Swinging Strike 1-2: Ball 2-2: Foul Ball, location: 2F 2-2: Ground out 6-3 (Groundball, 4MS, EV 91.2 MPH)
|
Batting: SHB Richello Badua
|
0-0: Ball 1-0: Ball 2-0: Called Strike 2-1: SINGLE (Groundball, 23, EV 69.4 MPH) (infield hit)
|
Batting: RHB Corey Dalton
|
0-0: Called Strike 0-1: Ball 1-1: Ball 2-1: Grounds into double play, 6-4-3 (Groundball, 6, EV 78.1 MPH)
|
Top of the 6th over - 0 runs, 1 hit, 0 errors, 0 left on base; Mississippi 1 - Tulsa 1 |
BOTTOM OF THE 6TH |
Tulsa Drillers batting - Pitching for Mississippi Braves : RHP Ryan DeMille
|
Batting: LHB Jesus Ramirez
|
0-0: Ball 1-0: Foul Ball, location: 2F 1-1: Foul Ball, location: 2F 1-2: Strikes out looking
|
Batting: LHB Kevin Wiebe
|
0-0: Foul Ball, location: 2F 0-1: Ball 1-1: Called Strike 1-2: Ball 2-2: Ball 3-2: Base on Balls
|
Batting: RHB Carlos Talavera
|
0-0: Swinging Strike 0-1: Swinging Strike 0-2: Foul Ball, location: 2F 0-2: Ball 1-2: Ball 2-2: Strikes out swinging
|
Batting: RHB Marcos Villalobos
|
0-0: Called Strike 0-1: Ball 1-1: Fielders Choice at 2nd, 5-4 (Groundball, 56, EV 93.8 MPH)
|
Bottom of the 6th over - 0 runs, 0 hits, 0 errors, 1 left on base; Mississippi 1 - Tulsa 1 |
TOP OF THE 7TH |
Mississippi Braves batting - Pitching for Tulsa Drillers : RHP Tyler Scherer
|
Batting: LHB Oke Monti
|
0-0: Ball 1-0: Called Strike 1-1: Foul Ball, location: 2F 1-2: Ball 2-2: Ball 3-2: Foul Ball, location: 2F 3-2: Foul Ball, location: 2F 3-2: Ground out U3 (Groundball, 3, EV 109.4 MPH)
|
Batting: SHB Jamie Roberts
|
0-0: Called Strike 0-1: SINGLE (Groundball, 34D, EV 107.5 MPH)
|
Batting: LHB Ryan Murdock
|
0-0: Called Strike 0-1: Grounds into double play, 4-6-3 (Groundball, 4MD, EV 100.6 MPH)
|
Top of the 7th over - 0 runs, 1 hit, 0 errors, 0 left on base; Mississippi 1 - Tulsa 1 |
BOTTOM OF THE 7TH |
Tulsa Drillers batting - Pitching for Mississippi Braves : RHP Ryan DeMille
|
Pitching: LHP Andy Gaiser
|
|
Batting: RHB Tony Rivera
|
0-0: Swinging Strike 0-1: Ball 1-1: Ball 2-1: Called Strike 2-2: Foul Ball, location: 2F 2-2: Ground out 6-3 (Groundball, 6, EV 80.0 MPH)
|
Batting: RHB Mike Plugge
|
0-0: Ball 1-0: Foul Ball, location: 2F 1-1: Foul Ball, location: 2F 1-2: Strikes out looking
|
Batting: RHB Kyle Garrett
|
0-0: Ball 1-0: Called Strike 1-1: Foul Ball, location: 2F 1-2: Fly out, F7 (Flyball, 78S, EV 90.0 MPH)
|
Bottom of the 7th over - 0 runs, 0 hits, 0 errors, 0 left on base; Mississippi 1 - Tulsa 1 |
TOP OF THE 8TH |
Mississippi Braves batting - Pitching for Tulsa Drillers : RHP Tyler Scherer
|
Pitching: RHP Juan Rodriguez
|
|
Batting: RHB Alex Velasquez
|
0-0: Called Strike 0-1: Fly out, F9 (Flyball, 89S, EV 82.5 MPH)
|
Batting: RHB Edgar Castillo
|
0-0: Ball 1-0: Ball 2-0: Foul Ball, location: 2F 2-1: Foul Ball, location: 2F 2-2: Ball 3-2: Ground out 5-3 (Groundball, 56, EV 108.8 MPH)
|
Batting: RHB Joe Young
|
0-0: Ball 1-0: Ground out 5-3 (Groundball, 56S, EV 72.5 MPH)
|
Top of the 8th over - 0 runs, 0 hits, 0 errors, 0 left on base; Mississippi 1 - Tulsa 1 |
BOTTOM OF THE 8TH |
Tulsa Drillers batting - Pitching for Mississippi Braves : LHP Andy Gaiser
|
Batting: LHB Tony Morales
|
0-0: Ball 1-0: Swinging Strike 1-1: Foul Ball, location: 2F 1-2: Foul Ball, location: 2F 1-2: Ball 2-2: Foul Ball, location: 2F 2-2: Ground out U3 (Groundball, 34, EV 103.8 MPH)
|
Batting: RHB Roberto Lemus
|
0-0: Ball 1-0: Foul Ball, location: 2F 1-1: Ball 2-1: Foul Ball, location: 2F 2-2: Ball 3-2: Foul Ball, location: 2F 3-2: Foul Ball, location: 2F 3-2: Ground out 6-3 (Groundball, 6, EV 95.0 MPH)
|
Batting: LHB Jesus Ramirez
|
0-0: Called Strike 0-1: SINGLE (Groundball, 34D, EV 107.5 MPH)
|
Batting: RHB Aaron Burress
|
0-0: Ball 1-0: Called Strike 1-1: Ball 2-1: Foul Ball, location: 2F 2-2: Foul Ball, location: 2F 2-2: Strikes out looking
|
Bottom of the 8th over - 0 runs, 1 hit, 0 errors, 1 left on base; Mississippi 1 - Tulsa 1 |
TOP OF THE 9TH |
Mississippi Braves batting - Pitching for Tulsa Drillers : RHP Juan Rodriguez
|
Pitching: RHP Juan Hurtado
|
|
Batting: LHB Art D'Ascenzo
|
0-0: Foul Ball, location: 2F 0-1: Called Strike 0-2: Strikes out looking
|
Batting: SHB Richello Badua
|
0-0: Ball 1-0: Ball 2-0: Foul Ball, location: 2F 2-1: Swinging Strike 2-2: Ball 3-2: Base on Balls
|
Batting: RHB Corey Dalton
|
0-0: Ball 1-0: Called Strike 1-1: Foul Ball, location: 2F 1-2: Ball 2-2: Foul Ball, location: 2F 2-2: Strikes out swinging
|
Batting: LHB Oke Monti
|
0-0: SINGLE (Flyball, 89S, EV 90.6 MPH) Richello Badua to second Throwing error, E8 Richello Badua scores Oke Monti to second
|
Batting: SHB Jamie Roberts
|
0-0: DOUBLE (Line Drive, 89D, EV 110.6 MPH) Oke Monti scores
|
Batting: LHB Ryan Murdock
|
0-0: Ball 1-0: Called Strike 1-1: Ball 2-1: Ball 3-1: Foul Ball, location: 2F 3-2: Strikes out swinging
|
Top of the 9th over - 2 runs, 2 hits, 1 error, 1 left on base; Mississippi 3 - Tulsa 1 |
BOTTOM OF THE 9TH |
Tulsa Drillers batting - Pitching for Mississippi Braves : LHP Andy Gaiser
|
Pitching: RHP Omar Orosco
|
|
Now at 1B: Jamie Roberts
|
|
Now at 2B: Ingidayehu Lagat
|
|
Batting: RHB Carlos Talavera
|
0-0: Swinging Strike 0-1: Ball 1-1: Swinging Strike 1-2: Ball 2-2: Foul Ball, location: 2F 2-2: Ground out 5-3 (Groundball, 56S, EV 83.1 MPH)
|
Batting: RHB Marcos Villalobos
|
0-0: Ball 1-0: Fly out, F8 (Flyball, 8RD, EV 90.0 MPH)
|
Batting: RHB Tony Rivera
|
0-0: Ball 1-0: Ball 2-0: Ball 3-0: Ground out 5-3 (Groundball, 56, EV 82.5 MPH)
|
Bottom of the 9th over - 0 runs, 0 hits, 0 errors, 0 left on base; Mississippi 3 - Tulsa 1 |
|